 Dungeon Crawl Stone Soup version 0.18-b1-22-ge198996 (webtiles) character file.

68 Chiseanne the Magician (level 4, 7/30 HPs)
             Began as a Demonspawn Wizard on May 4, 2016.
             Quit the game on level 2 of the Dungeon.
             The game lasted 00:05:39 (1954 turns).

Chiseanne the Magician (Demonspawn Wizard)          Turns: 1954, Time: 00:05:40

Health: 7/30       AC:  2    Str:  8    XL:     4   Next: 1%
Magic:  6/9        EV: 14    Int: 20    God:
Gold:   89         SH:  0    Dex: 11    Spells: 4 memorised, 2 levels left

rFire  . . .     SeeInvis .     a - +1 dagger (venom)
rCold  . . .     Gourm    .     n - +0 robe
rNeg   . . .     Faith    .     (no shield)
rPois  .         Spirit   .     b - +0 hat
rElec  .         Dismiss  .     (no cloak)
rCorr  .         Reflect  .     (no gloves)
SustAt .         Harm     .     (no boots)
MR     .....                    (no amulet)
Stlth  ++........               (no ring)
                                (no ring)

@: not resistant to hostile enchantments, unstealthy
A: repulsion field 1, powered by pain 1
a: no special abilities


You were on level 2 of the Dungeon.
You were not hungry.

You visited 1 branch of the dungeon, and saw 2 of its levels.

You collected 89 gold pieces.

Inventory:

Hand Weapons
 a - a +1 dagger of venom (weapon)
Missiles
 f - 44 sling bullets
 h - 14 bolts
 j - 15 arrows
 l - 73 stones (quivered)
Armour
 b - a +0 hat (worn)
 n - a +0 robe (worn)
Jewellery
 s - an uncursed ring of see invisible {unknown}
Scrolls
 g - a scroll of teleportation
 i - a scroll of amnesia
 k - a scroll of identify
Potions
 m - a potion of flight {unknown}
 o - 2 potions of agility
 r - a potion of haste {unknown}
Books
 c - a book of Minor Magic

   Spells                             Type                      Level
   a - Magic Dart                     Conjuration                  1
   b - Blink                          Translocation                2
   c - Call Imp                       Summoning                    2
   d - Repel Missiles                 Charms/Air                   2
   e - Slow                           Hexes                        2
   f - Conjure Flame                  Conjuration/Fire             3
   g - Mephitic Cloud                 Conjuration/Poison/Air       3
Comestibles
 d - a bread ration
 q - a slice of pizza
 t - 2 fruits


   Skills:
 * Level 2.1 Dodging
 - Level 1.7 Stealth
 * Level 3.5 Spellcasting
 * Level 2.8 Conjurations
   Level 1.0 Summonings
 - Level 0.8 Translocations


You had 2 spell levels left.
You knew the following spells:

 Your Spells              Type           Power        Failure   Level  Hunger
a - Magic Dart            Conj           ###.         4%          1    None
b - Blink                 Tloc           N/A          17%         2    ##.....
c - Repel Missiles        Chrm/Air       #.....       24%         2    ##.....
d - Mephitic Cloud        Conj/Pois/Air  #.......     30%         3    ###....


Dungeon Overview and Level Annotations

Branches:
Dungeon (2/15)

Altars:


Innate Abilities, Weirdness & Mutations

You are surrounded by a mild repulsion field (EV +2).
You sometimes gain a little power by taking damage.


Message History

The goblin closely misses you.
The hobgoblin shouts!
There is an open door here.
The goblin hits you with a dagger.
* * * LOW HITPOINT WARNING * * *
There is an open door here.
You hit the goblin but do no damage.
The goblin is poisoned.
The goblin hits you but does no damage.
You kill the goblin!
Casting: Magic Dart
Confirm with . or Enter, or press ? or * to list all spells.
Aiming: Magic Dart
Press: ? - help, Shift-Dir - straight line, f - goblin
Aim: a goblin The magic dart hits the goblin.
You kill the goblin!
You have reached level 4!
You feel stronger.
Your demonic ancestry asserts itself...
You feel energised by your suffering.
Are you sure you want to abandon this character and quit the game? (Confirm with "yes".)

#.# #.# #g# #.#
####.#### #.# #.#
#.......# #g# #.#
#.#...#.# #)# ...
##...g...# #g#
.gg####....g.#.#####g#
ggg.....#..........g.#
ggg####...#.##.#######
##.##@##.# #.##.##.#
#.......# ####.####
######### #.####
#.......# #.#.. .#
#.#####.# #.#.#
#####..# #.# #.#
####.#.###.....#
#.#####.###..........#


You could see 2 hobgoblins.

Vanquished Creatures
  Robin (D:2)
  An adder skeleton (D:1)
  3 dart slugs (D:1)
  A giant gecko (D:1)
  4 bats (D:1)
  3 giant cockroaches (D:1)
  10 goblins
  8 hobgoblins
  2 jackals (D:1)
  5 kobolds
  A ball python (D:2)
  A giant newt (D:1)
  4 rats
44 creatures vanquished.

Notes
Turn   | Place    | Note
--------------------------------------------------------------
     0 | D:1      | Chiseanne the Demonspawn Wizard began the quest for the Orb.
     0 | D:1      | Reached XP level 1. HP: 13/13 MP: 4/4
   295 | D:1      | Gained mutation: You are surrounded by a mild repulsion field (EV +2). [demonic ancestry]
   295 | D:1      | Reached XP level 2. HP: 19/19 MP: 0/6
   704 | D:1      | Reached XP level 3. HP: 24/24 MP: 5/7
  1060 | D:1      | Learned a level 2 spell: Blink
  1063 | D:1      | Learned a level 2 spell: Repel Missiles
  1127 | D:1      | Learned a level 3 spell: Mephitic Cloud
  1863 | D:2      | Noticed Robin
  1922 | D:2      | Killed Robin
  1953 | D:2      | Gained mutation: You sometimes gain a little power by taking damage. [demonic ancestry]
  1953 | D:2      | Reached XP level 4. HP: 7/30 MP: 5/9
  1954 | D:2      | Quit the game

Skill      XL: |  1  2  3 |
---------------+----------+-----
Conjurations   | 2 |  2.8
Dodging        | 2 |  2.1
Stealth        | |  1.7
Spellcasting   | |  3.5
Summonings     | |  1.0
Translocations | |  0.8

Action                   |  1- 3 |  4- 6 || total
-------------------------+-------+-------++-------
Melee: Hand axe          |    11 |       ||    11
       Dagger            |    25 |       ||    25
 Cast: Magic Dart        |    76 |     1 ||    77
       Mephitic Cloud    |     1 |       ||     1
       Repel Missiles    |     1 |       ||     1
  Use: Scroll            |     6 |       ||     6
       Potion            |     1 |       ||     1
  Eat: Chunk             |     3 |       ||     3
Armor: Robe              |     2 |       ||     2
Dodge: Dodged            |    40 |       ||    40
       Deflected         |     1 |       ||     1
